 Dungeon Crawl Stone Soup version 0.31-a0-865-g3d5d91748a (webtiles) character file.

Game seed: 8840590724139069541

14333 pokeman the Eclecticist (level 11, -34/61 HPs)
             Began as a Deep Elf Hedge Wizard on Oct 10, 2023.
             Was a Priest of Vehumet.
             Annihilated by an enormous slime creature (74 damage)
             ... on level 12 of the Dungeon.
             The game lasted 00:31:39 (13602 turns).

pokeman the Eclecticist (Deep Elf Hedge Wizard)    Turns: 13602, Time: 00:31:41

Health: -34/61     AC:  9    Str:  7    XL:     11   Next: 87%
Magic:  21/42      EV: 13    Int: 30    God:    Vehumet [***...]
Gold:   553        SH:  5    Dex: 14    Spells: 26/42 levels left

rFire   . . .        z - +2 dagger (venom)
rCold   . . .        (no shield)
rNeg    . . .        N - +0 steam dragon scales
rPois   .            I - +2 helmet
rElec   .            (no cloak)
rCorr   .            (no gloves)
SInv    .            (no boots)
Will    +....        H - amulet of reflection
Stlth   ++           f - +6 ring of intelligence
HPRegen 0.30/turn    l - ring of magical power
MPRegen 0.28/turn

%: reflection
@: no status effects
A: no striking features
a: Renounce Religion


You were on level 12 of the Dungeon.
You worshipped Vehumet.
Vehumet was most pleased with you.
You visited 2 branches of the dungeon, and saw 13 of its levels.
You also visited: Bailey.

You collected 1000 gold pieces.
You spent 447 gold pieces at shops.

Inventory:

Hand Weapons
 z - a +2 dagger of venom (weapon)
 O - a +2 demon whip of freezing
Armour
 h - an orb of light
 D - a +0 buckler
 I - a +2 helmet (worn)
 L - the +0 pair of boots of the Goldsmith {rN++ Int-5}
   (You found it on level 7 of the Dungeon)

   Int-5:     It affects your intelligence (-5).
   rN++:      It greatly protects you from negative energy.
 N - +0 steam dragon scales (worn)
Magical Staves
 K - a staff of air
 Q - a staff of conjuration
 V - a staff of earth
Jewellery
 f - a +6 ring of intelligence (left hand)
 l - a ring of magical power (right hand)
 y - a ring of ice
 F - a ring of resist corrosion
 G - a ring of willpower
 H - an amulet of reflection (around neck)
 M - a ring of see invisible
 P - a ring of wizardry
 R - a ring of fire
 T - a ring of protection from cold
Wands
 c - a wand of flame (46)
 p - a wand of roots (5)
 w - a wand of digging (6)
 E - a wand of polymorph (20)
Scrolls
 g - 3 scrolls of brand weapon {unknown}
 i - 4 scrolls of enchant weapon {unknown}
 j - 12 scrolls of identify
 k - 4 scrolls of blinking
 n - 5 scrolls of fear {unknown}
 o - 10 scrolls of teleportation
 q - 4 scrolls of torment {unknown}
 s - 4 scrolls of noise
 t - 2 scrolls of revelation {unknown}
 u - a scroll of fog {unknown}
 v - a scroll of immolation {unknown}
 S - a scroll of amnesia {unknown}
 U - a scroll of acquirement {unknown}
Potions
 a - 2 potions of mutation {unknown}
 b - 6 potions of curing {unknown}
 d - 7 potions of magic
 e - a potion of haste {unknown}
 m - 3 potions of lignification {unknown}
 r - a potion of berserk rage {unknown}
 x - 3 potions of might {unknown}
 A - 3 potions of brilliance {unknown}
 B - 2 potions of heal wounds {unknown}
 C - 6 potions of enlightenment
 J - a potion of degeneration {unknown}


   Skills:
 - Level 4.0 Fighting
 - Level 5.0 Armour
 - Level 3.0 Dodging
 - Level 3.0 Stealth
 + Level 4.9 Shields
 * Level 16.1 Spellcasting
 + Level 9.5 Conjurations
 - Level 1.1 Summonings
 - Level 1.1 Translocations
 - Level 1.3 Transmutations
 + Level 6.3 Fire Magic
 - Level 1.1 Air Magic
 + Level 1.9 Earth Magic
 - Level 1.2 Poison Magic
 - Level 1.2 Evocations


You had 26 spell levels left.
You knew the following spells:

 Your Spells              Type           Power      Damage    Failure   Level
a - Magic Dart            Conj           100%       1d8       1%          1
b - Mephitic Cloud        Conj/Pois/Air  48%        N/A       1%          3
c - Call Imp              Summ           60%        N/A       1%          2
d - Blink                 Tloc           60%        N/A       1%          2
e - Foxfire               Conj/Fire      100%       2x1d9     1%          1
f - Iskenderun's Mystic   Conj/Tloc      54%        2d12      1%          4
g - Ignite Poison         Fire/Tmut/Pois 42%        N/A       1%          3

Your spell library contained the following spells:

 Spells                   Type           Power      Damage    Failure   Level
 Airstrike                Air            15%        2d(3-19)  3%          4
 Apportation              Tloc           60%        N/A       1%          1
 Slow                     Hex            96%        N/A       1%          1
 Cigotuvi's Dreadful Rot  Necr/Pois/Air  58%        N/A       1%          2
 Wereblood                Tmut           32%        N/A       1%          2
 Ensorcelled Hibernation  Hex/Ice        48%        N/A       2%          2
 Jinxbite                 Hex            48%        N/A       2%          2
 Sublimation of Blood     Necr           24%        N/A       2%          2
 Tukima's Dance           Hex            24%        N/A       5%          3
 Dimensional Bullseye     Hex/Tloc       13%        N/A       14%         4
 Anguish                  Hex/Necr       12%        N/A       19%         4
 Alistair's Intoxication  Tmut/Pois      21%        N/A       30%         5
 Summon Hydra             Summ           15%        N/A       100%        7


Dungeon Overview and Level Annotations

Branches:
Dungeon (12/15)            Temple (1/1) D:7            Lair (0/5) D:10
    Orc (0/2) D:10         Bailey (visited)

Altars:
Ashenzari
Cheibriados
Dithmenos
Elyvilon
Fedhas
Gozag
Hepliaklqana
Kikubaaqudgha
Makhleb
Nemelex Xobeh
Okawaru
Qazlal
Ru
Sif Muna
Trog
Uskayaw
Vehumet
Wu Jian
Xom
Yredelemnul
Zin
The Shining One

Shops:
D:3 [   D:11 ?:[?

Annotations:
D:6 1 runed translucent door, HilariousDeathArtist's ghost, novice KoGl


Message History

The slime creature is heavily wounded.
The stinking cloud engulfs the slime creature but does no damage.
The slime creature is heavily wounded.
Two slime creatures merge to form a very large slime creature.
Two slime creatures merge to form an enormous slime creature.
Unknown command.
Unknown command.
Unknown command.
Casting: Mephitic Cloud (safe; 1% risk of failure)
Confirm with . or Enter, or press ? or * to list all spells.
You ignite the poison in your surroundings!
Unknown command.
Unknown command.
Casting: Ignite Poison (safe; 1% risk of failure)
Confirm with . or Enter, or press ? or * to list all spells.
You erupt in a blast of force!
The mystic blast hits the enormous slime creature!
The enormous slime creature is severely wounded.
The enormous slime creature is knocked back by the mystic blast.
Unknown command.
The enormous slime creature is engulfed in blazing flames.
The enormous slime creature is engulfed in blazing flames.
The enormous slime creature is engulfed in blazing flames.
Casting: Iskenderun's Mystic Blast (dangerous; 1% risk of failure)
Confirm with . or Enter, or press ? or * to list all spells.
Aiming: Mephitic Cloud (safe; 1% risk of failure)
Press: ? - help, Shift-Dir - straight line, f/p - enormous slime creature
Aim: an enormous slime creature (severely wounded, not susceptible)
The ball explodes into a vile cloud!
The stinking cloud engulfs the enormous slime creature but does no damage.
The enormous slime creature is severely wounded.
Unknown command.
Unknown command.
Casting: Mephitic Cloud (safe; 1% risk of failure)
Confirm with . or Enter, or press ? or * to list all spells.
You ignite the poison in your surroundings!
The enormous slime creature is engulfed in blazing flames.
The enormous slime creature hits you!!!!
Ouch! That really hurt!
You die...

...
......################
......#..........)....
......#.<............#
......###.@..........#
.......#☼J§.........#
.......#§☼○.........#
#..'○○○.........#
#..#............+
#..##'#########.#
#..^.........
#............
#............


You could see an enormous slime creature.

Vanquished Creatures
  Gastronok (D:11)
  3 two-headed ogres
  2 tengu warriors
  Pikel (D:7)
  A manticore (D:11)
  2 cyclopes (D:12)
  A gargoyle (D:10)
  Jeremiah (D:7)
  Maggie (D:7)
  A komodo dragon (D:10)
  A tengu conjurer (D:11)
  5 trolls
  Grinder (D:5)
  A slime creature (D:12)
  A wraith (D:11)
  3 wyverns
  9 yaks (D:9)
  A human (D:10)
  2 steam dragons (D:8)
  2 vampire mosquitoes (D:11)
  An acid dragon (D:10)
  Duvessa (D:4)
  3 water moccasins
  A black bear (D:4)
  5 orc warriors (Bailey)
  A centaur (D:4)
  A lemure (D:7)
  A kobold brigand (D:7)
  Blork the orc (D:6)
  2 gnoll sergeants
  2 bullfrogs
  Dowan (D:4)
  10 wights
  4 killer bees (D:9)
  2 howler monkeys (D:9)
  4 hounds
  2 jellies (D:6)
  4 orc priests
  2 gnoll boudas (D:7)
  6 iguanas
  11 orc wizards
  Robin (D:3)
  26 gnolls
  5 adders
  3 white imps
  A dart slug (D:1)
  42 orcs
  6 ball pythons
  9 endoplasms
  8 giant cockroaches
  17 goblins
  14 hobgoblins
  5 jackals (D:2)
  15 kobolds
  5 quokkas
  9 bats
  3 frilled lizards
  A kobold zombie (D:10)
  2 rats
  2 foxfires
279 creatures vanquished.

Vanquished Creatures (collateral kills)
  A killer bee (D:9)
1 creature vanquished.

Vanquished Creatures (others)
  A quokka (D:7)
  427 foxfires
428 creatures vanquished.

Grand Total: 708 creatures vanquished

Notes
Turn   | Place    | Note
-------+----------+-------------------------------------------
     0 | D:1      | pokeman the Deep Elf Hedge Wizard began the quest for the
                  | Orb.
     0 | D:1      | Reached XP level 1. HP: 10/10 MP: 7/7
   272 | D:1      | Found a faded altar of an unknown god.
   750 | D:1      | Reached XP level 2. HP: 15/16 MP: 2/9
  1070 | D:1      | Reached skill level 5 in Spellcasting
  1493 | D:2      | Reached XP level 3. HP: 17/20 MP: 11/11
  1500 | D:2      | Reached skill level 1 in Fighting
  1504 | D:2      | Learned a level 3 spell: Mephitic Cloud
  1507 | D:2      | Learned a level 2 spell: Blink
  1510 | D:2      | Learned a level 2 spell: Call Imp
  1909 | D:2      | Reached XP level 4. HP: 19/25 MP: 13/13
  2400 | D:3      | Noticed Robin
  2810 | D:3      | Killed Robin
  2955 | D:3      | Found a sparkling altar of Nemelex Xobeh.
  3044 | D:3      | Reached skill level 6 in Spellcasting
  3048 | D:3      | Reached XP level 5. HP: 27/29 MP: 13/15
  3231 | D:3      | Found Doummurch's Antique Armour Emporium.
  3284 | D:3      | Found a burning altar of Makhleb.
  3311 | D:3      | Found a snail-covered altar of Cheibriados.
  3393 | D:4      | Noticed Dowan
  3395 | D:4      | Noticed Duvessa
  3408 | D:4      | Killed Duvessa
  3409 | D:4      | Reached skill level 1 in Air Magic
  3409 | D:4      | Reached skill level 1 in Poison Magic
  3409 | D:4      | Reached skill level 1 in Evocations
  3414 | D:4      | Killed Dowan
  3415 | D:4      | Reached XP level 6. HP: 33/34 MP: 17/17
  3490 | D:4      | Reached skill level 7 in Spellcasting
  3916 | D:4      | Reached XP level 7. HP: 35/40 MP: 20/20
  4208 | D:4      | Found a blossoming altar of Fedhas.
  4369 | D:5      | Entered Level 5 of the Dungeon
  4408 | D:5      | Reached skill level 8 in Spellcasting
  4413 | D:5      | Reached skill level 1 in Armour
  4429 | D:5      | Noticed Grinder
  4578 | D:5      | Reached skill level 1 in Shields
  4709 | D:5      | Killed Grinder
  5543 | D:6      | Noticed Blork the orc
  5560 | D:6      | Killed Blork the orc
  5561 | D:6      | Reached skill level 9 in Spellcasting
  5561 | D:6      | Reached XP level 8. HP: 40/44 MP: 23/23
  5590 | D:6      | Found a runed translucent door.
  5590 | D:6      | Noticed HilariousDeathArtist's ghost (novice KoGl)
  6736 | D:7      | Noticed Pikel
  6753 | D:7      | Killed Pikel
  6754 | D:7      | Reached skill level 10 in Spellcasting
  6754 | D:7      | Reached skill level 5 in Conjurations
  6962 | D:7      | Identified the +0 pair of boots of the Goldsmith {rN++
                  | Int-5}
  7082 | D:7      | Reached XP level 9. HP: 31/49 MP: 21/25
  7171 | D:7      | Found a staircase to the Ecumenical Temple.
  7177 | Temple   | Entered the Ecumenical Temple
  7186 | Temple   | Became a worshipper of Vehumet
  7263 | D:7      | Found an opulent altar of Gozag.
  7384 | D:7      | Reached skill level 11 in Spellcasting
  7633 | D:7      | Found a white marble altar of Elyvilon.
  7641 | D:7      | Noticed Jeremiah
  7664 | D:7      | Killed Jeremiah
  7821 | D:7      | Noticed Maggie
  7840 | D:7      | Killed Maggie
  7976 | D:7      | Learned a level 4 spell: Iskenderun's Mystic Blast
  8331 | D:8      | Reached skill level 12 in Spellcasting
  8339 | D:8      | Reached * piety under Vehumet
  8339 | D:8      | Offered knowledge of Foxfire by Vehumet.
  8343 | D:8      | Learned a level 1 spell: Foxfire
  8344 | D:8      | Found a flagged portal.
  8362 | Bailey   | Entered a bailey
  8729 | Bailey   | Reached skill level 1 in Fire Magic
  8743 | Bailey   | Reached XP level 10. HP: 33/56 MP: 19/28
  9303 | D:9      | Reached skill level 13 in Spellcasting
  9384 | D:9      | Offered knowledge of Momentum Strike by Vehumet.
  9387 | D:9      | Reached ** piety under Vehumet
  9900 | D:9      | Found a shadowy altar of Dithmenos.
  9948 | D:9      | You fall into a shaft and drop 3 floors!
  9975 | D:12     | Noticed a purple ugly thing
 10006 | D:12     | Noticed a two-headed ogre
 10015 | D:12     | Killed a two-headed ogre
 10016 | D:12     | Reached skill level 14 in Spellcasting
 10054 | D:12     | Noticed a great orb of eyes
 10054 | D:12     | Noticed a cyclops
 10054 | D:12     | Noticed a tengu warrior
 10054 | D:12     | Noticed a cyclops
 10063 | D:12     | Killed a cyclops
 10067 | D:12     | Killed a cyclops
 10067 | D:12     | Killed a tengu warrior
 10067 | D:12     | Paralysed by a great orb of eyes for 2 turns
 10068 | D:12     | Reached XP level 11. HP: 51/61 MP: 22/31
 10184 | D:10     | Entered Level 10 of the Dungeon
 10506 | D:9      | Found an iron altar of Okawaru.
 10509 | D:9      | Offered knowledge of Ignite Poison by Vehumet.
 10638 | D:9      | Found a glowing golden altar of the Shining One.
 11055 | D:10     | Reached *** piety under Vehumet
 11149 | D:10     | Noticed a two-headed ogre
 11166 | D:10     | Killed a two-headed ogre
 11167 | D:10     | Reached skill level 15 in Spellcasting
 11167 | D:10     | Reached skill level 5 in Fire Magic
 11380 | D:10     | Reached skill level 5 in Armour
 11384 | D:10     | Learned a level 3 spell: Ignite Poison
 11444 | D:10     | Found a runed translucent door.
 11452 | D:10     | Found a basalt altar of Yredelemnul.
 11806 | D:10     | Found a staircase to the Orcish Mines.
 11884 | D:10     | Found a staircase to the Lair.
 12651 | D:11     | Found Bimib's Book Shop.
 12653 | D:11     | Found Loisist's Magic Scroll Shop.
 12653 | D:11     | Found Xegol's Armour Shop.
 12661 | D:11     | Noticed a two-headed ogre
 12669 | D:11     | Killed a two-headed ogre
 12670 | D:11     | Reached skill level 1 in Transmutations
 12816 | D:11     | Bought a scroll of teleportation for 42 gold pieces
 12816 | D:11     | Bought a scroll of blinking for 105 gold pieces
 12816 | D:11     | Bought a scroll of identify for 28 gold pieces
 12990 | D:11     | Found Ylon's Magic Scroll Boutique.
 12996 | D:11     | Bought a scroll of noise for 13 gold pieces
 12996 | D:11     | Bought a scroll of blinking for 97 gold pieces
 12996 | D:11     | Bought a scroll of identify for 26 gold pieces
 12996 | D:11     | Bought a scroll of teleportation for 39 gold pieces
 12996 | D:11     | Bought a scroll of blinking for 97 gold pieces
 13018 | D:11     | Offered knowledge of Airstrike by Vehumet.
 13121 | D:11     | Noticed Gastronok
 13347 | D:11     | Noticed a tengu warrior
 13354 | D:11     | Killed a tengu warrior
 13355 | D:11     | Reached skill level 1 in Earth Magic
 13364 | D:11     | Killed Gastronok
 13365 | D:11     | Reached skill level 16 in Spellcasting
 13602 | D:12     | Annihilated by an enormous slime creature

Illustrated notes

Levels and vault maps discovered:
D:1:      dpeg_arrival_simpleton_c, layout_loops_ring,
          shapermc_ecumenical_altar_flowoftime, roderic_lattice_a,
          minmay_worlds_worst_comb
D:2:      minmay_diamond_boxcup, layout_loops_ring
D:3:      layout_rooms, nemelex_spade_bored_becter,
          mainiacjoe_overflow_big_doors, serial_shops,
          nicolae_shop_back_alley_shop, uniq_robin
D:4:      layout_basic, kennysheep_little_box, uniq_duvessa
D:5:      layout_basic, uniq_grinder
D:6:      layout_gridville, hellmonk_ghost_happy_afterlife, uniq_blork_the_orc
D:7:      layout_loops_ring, grunt_gozag_statues, elyvilon_altar_4,
          minmay_temple_entry_mist, minivault_1, uniq_maggie, uniq_pikel,
          uniq_jeremiah
D:8:      layout_gridville, enter_bailey_5
D:9:      layout_layer_cave, okawaru_altar_gauntlet_db,
          mainiacjoe_overflow_six_doors_small, tso_oasis_becter, serial_rivers,
          chequers_serial_rivers_room_a, chequers_serial_rivers_room_b,
          chequers_serial_rivers_small_b, chequers_serial_rivers_micro_e,
          chequers_serial_rivers_room_a
D:10:     layout_layer_cave, dk_yredelemnul_ordeal, david_lair_shrubbed,
          orc_0_dummy, solitary_fountain
D:11:     layout_loops_ring, serial_shops, shop,
          nicolae_shop_distant_corner_stores, uniq_gastronok
D:12:     layout_irregular_city, minmay_the_grid_2x2
          [minmay_the_grid_minigrid_large, minmay_the_grid_plusring,
          minmay_the_grid_medium_cups, minmay_the_grid_prize_shrinking_boxes]
Temple:   hellmonk_temple_two_chambers

Skill      XL: |  1  2  3  4  5  6  7  8  9 10 11 |
---------------+----------------------------------+-----
Spellcasting   | 5 6 7 9 10 12 14 16 | 16.1
Fighting       | 1 2 3 4 |  4.0
Conjurations   | 2 3 4 5 7 8 9 |  9.5
Stealth        | 3 |  3.0
Dodging        | 3 |  3.0
Air Magic      | 1 |  1.1
Poison Magic   | 1 |  1.2
Evocations     | 1 |  1.2
Armour         | 1 3 4 5 |  5.0
Shields        | 1 3 4 |  4.9
Fire Magic     | 1 4 6 |  6.3
Transmutations | 1 |  1.3
Earth Magic    | 1 |  1.9
Summonings     | |  1.1
Translocations | |  1.1

Action                     |  1- 3 |  4- 6 |  7- 9 | 10-12 || total
---------------------------+-------+-------+-------+-------++-------
  Melee: Dagger            |     2 |    68 |   174 |    48 ||   292
         Punch             |       |       |     2 |       ||     2
   Cast: Magic Dart        |   101 |    79 |   138 |       ||   318
         Mephitic Cloud    |       |     9 |    39 |    32 ||    80
         Call Imp          |       |       |    14 |     1 ||    15
         Blink             |       |       |     5 |     2 ||     7
         Foxfire           |       |       |    49 |   187 ||   236
         Iskenderun's Myst |       |       |     5 |    30 ||    35
         Ignite Poison     |       |       |       |    12 ||    12
   Stab: Confused          |       |     7 |    14 |     6 ||    27
 Armour: Leather armour    |    22 |    87 |    74 |       ||   183
         Robe              |     1 |       |       |       ||     1
         Steam dragon scal |       |       |    25 |    59 ||    84
  Dodge: Dodged            |    19 |   112 |    96 |    54 ||   281
  Block: Other             |       |       |    43 |    29 ||    72
         Reflection        |       |       |     2 |     2 ||     4

Table legend: (Time is in decaauts)
 A = Elapsed time spent in this place.
 B = Non-inter-level travel time spent in this place.
 C = Inter-level travel time spent in this place.
 D = Time resting spent in this place.
 E = Time spent auto-exploring this place.
 F = Levels seen in this place.
 G = Mean time per level.
                   A        B        C        D        E       F      G
               +--------+--------+--------+--------+--------+-----+--------+
         Total |  13623 |  13009 |    614 |    389 |  10483 |  14 |  973.1 |
       Dungeon |  13021 |  12415 |    606 |    389 |  10089 |  12 | 1085.1 |
        Temple |     18 |     10 |      8 |      0 |      0 |   1 |   18.0 |
        Bailey |    583 |    583 |      0 |      0 |    394 |   1 |  583.0 |
               +--------+--------+--------+--------+--------+-----+--------+

Top non-repeatable levels by time:
    D:10: 1736 daAuts
     D:7: 1528 daAuts
     D:1: 1431 daAuts
     D:9: 1423 daAuts
     D:6: 1352 daAuts
     D:2: 1296 daAuts
     D:4: 1058 daAuts
     D:5: 980 daAuts
    D:11: 917 daAuts
     D:3: 664 daAuts
  Bailey: 583 daAuts
     D:8: 343 daAuts
    D:12: 289 daAuts
  Temple: 18 daAuts
